 Dungeon Crawl Stone Soup version 0.29.0-7-g18a832c13a (webtiles) character file.

Game seed: 6731162934045543469

26 voltaire321 the Ducker (level 3, -10/28 HPs)
             Began as a Merfolk Gladiator on Aug 31, 2022.
             Mangled by a kobold
             ... wielding a +1 dagger of electrocution
              (15 damage)
             ... on level 1 of the Dungeon.
             The game lasted 00:02:56 (854 turns).

voltaire321 the Ducker (Merfolk Gladiator)           Turns: 854, Time: 00:02:57

Health: -10/28     AC:  6    Str: 14    XL:     3   Next: 8%
Magic:  3/3        EV: 12    Int:  7    God:
Gold:   59         SH:  0    Dex: 17    Spells: 2/2 levels left

rFire   . . .      SeeInvis .   a - +0 trident
rCold   . . .      Faith    .   (no shield)
rNeg    . . .      Spirit   .   j - +0 ring mail
rPois   .          Reflect  .   c - +0 helmet
rElec   .          Harm     .   h - scarf {repulsion}
rCorr   .          Rampage  .   (no gloves)
Will    .....                   (no boots)
Stlth   +.........              (no amulet)
HPRegen 0.09/turn               (no ring)
MPRegen 0.08/turn               (no ring)

@: repel missiles
A: (nimble swimmer 2), mertail
a: no special abilities


You were on level 1 of the Dungeon.
You visited 1 branch of the dungeon, and saw 1 of its levels.

You collected 59 gold pieces.

Inventory:

Hand Weapons
 a - a +0 trident (weapon)
Missiles
 d - 3 throwing nets
 e - a javelin (quivered)
 i - 2 poisoned darts
Armour
 b - a +0 leather armour
 c - a +0 helmet (worn)
 h - a scarf of repulsion (worn)
 j - a +0 ring mail (worn)
Jewellery
 k - a ring of ice
Scrolls
 f - a scroll of immolation {unknown}
 g - 2 scrolls of identify {unknown}
Potions
 l - a potion of berserk rage {unknown}


   Skills:
 + Level 2.6 Fighting
 + Level 4.3 Polearms
 + Level 2.4 Throwing
 + Level 0.2 Armour
 + Level 4.4 Dodging


You had 2 spell levels left.
You didn't know any spells.
Your spell library was empty.

Dungeon Overview and Level Annotations

Branches:
Dungeon (1/15)

Altars:


Innate Abilities, Weirdness & Mutations

((You are very nimble when in or above water. (Stealth+, EV+, Speed+++)))
Your lower body shifts to a powerful aquatic tail in water.


Message History

You barely miss the ball python.
The ball python is heavily wounded.
The ball python closely misses you. The ball python constricts you.
You hit the ball python.
You kill the ball python!
You hit the kobold.
The kobold is heavily wounded.
The kobold closely misses you.
You miss the kobold.
The kobold is heavily wounded.
The kobold hits you with a +1 dagger of electrocution.
You hit the kobold but do no damage.
The kobold is heavily wounded.
The kobold closely misses you.
You closely miss the kobold.
The kobold is heavily wounded.
The kobold hits you but does no damage.
You are electrocuted!
Ouch! That really hurt!
* * * LOW HITPOINT WARNING * * *
You miss the kobold.
The kobold is moderately wounded.
The kobold hits you with a +1 dagger of electrocution.
* * * LOW HITPOINT WARNING * * *
You are too injured to fight recklessly!
You closely miss the kobold.
The kobold is moderately wounded.
The kobold hits you with a +1 dagger of electrocution.
* * * LOW HITPOINT WARNING * * *
You hit the kobold but do no damage.
The kobold is moderately wounded.
The kobold hits you with a +1 dagger of electrocution.
* * * LOW HITPOINT WARNING * * *
You closely miss the kobold.
The kobold is moderately wounded.
The kobold hits you but does no damage.
You hit the kobold.
The kobold is severely wounded.
The kobold hits you but does no damage.
You are electrocuted!
Ouch! That really hurt!
You die...

...##.#...####.........#.##...##.
..###.##.## ##.......##.........
.## #.#### ##.....#######.#### ##
#.# ##...##### #.# # #.#
#.......# #.### #.# #..####.#
#...# #.# . #..# #.# ###.# #.#
....#####..####.# #.# #..
.......K@....##.# #.# ###
....####.....##.# #.# .
##....##.######.#
#..#...........# #.......########
#########


You could see a kobold.

Vanquished Creatures
  A dart slug (D:1)
  3 bats (D:1)
  An endoplasm (D:1)
  2 giant cockroaches (D:1)
  3 goblins (D:1)
  4 hobgoblins (D:1)
  A quokka (D:1)
  3 ball pythons (D:1)
  A frilled lizard (D:1)
  A rat (D:1)
  A spectral hobgoblin (D:1)
21 creatures vanquished.

Notes
Turn   | Place    | Note
-------+----------+-------------------------------------------
     0 | D:1      | voltaire321 the Merfolk Gladiator began the quest for the
                  | Orb.
     0 | D:1      | Reached XP level 1. HP: 16/16 MP: 1/1
   134 | D:1      | Found a faded altar of an unknown god.
   316 | D:1      | Reached XP level 2. HP: 23/23 MP: 2/2
   674 | D:1      | Reached XP level 3. HP: 27/28 MP: 3/3
   854 | D:1      | Mangled by a kobold

Illustrated notes

Levels and vault maps discovered:
D:1:      scummos_arrival_star, layout_loops_corners,
          dreamdust_ecumenical_altar_drowned_temple, minivault_19,
          nrook_loot_triangle, ebering_dispersal_statue_hall

Action                   || total
-------------------------++-------
Melee: Trident           ||    77
 Stab: Sleeping          ||     1
Armor: Leather armour    ||     7
       Ring mail         ||    12
Dodge: Dodged            ||    56
